 Dungeon Crawl Stone Soup version 0.21.1-1-g345015f (webtiles) character file.

641 vatarom the Gusty (level 7, 0/40 HPs)
             Began as a Tengu Air Elementalist on Apr 14, 2018.
             Slain by an ogre
             ... wielding a +0 giant club
              (20 damage)
             ... on level 5 of the Dungeon.
             The game lasted 00:15:59 (6448 turns).

vatarom the Gusty (Tengu Air Elementalist)          Turns: 6448, Time: 00:16:00

Health: 0/40       AC:  5    Str:  8    XL:     7   Next: 51%
Magic:  0/13       EV: 13    Int: 17    God:
Gold:   125        SH:  5    Dex: 15    Spells: 2/12 levels left

rFire    + . .     SeeInvis +   w - staff of fire (curse)
rCold    + . .     Gourm    .   (no shield)
rNeg     . . .     Faith    .   a - +1 robe
rPois    .         Spirit   .   A - +0 hat {SInv}
rElec    .         Reflect  +   n - scarf {cloud immunity}
rCorr    .         Harm     .   r - +1 pair of gloves
MR       .....                  (boots unavailable)
Stlth    ++........             p - +5 amulet of reflection
HPRegen  0.13/turn              h - ring of protection from cold
MPRegen  0.13/turn              (no ring)

@: slowed, very slow
A: beak, talons 3, able to fly 1
a: Fly


You were on level 5 of the Dungeon.
You were hungry.

You visited 1 branch of the dungeon, and saw 5 of its levels.

You collected 125 gold pieces.

Inventory:

Hand Weapons
 g - a +1 dagger
 j - a +0 hunting sling
Armour
 a - a +1 robe (worn)
 n - a scarf of cloud immunity (worn)
 r - a +1 pair of gloves (worn)
 A - a +0 hat of see invisible (worn)
Magical Staves
 w - a cursed staff of fire (weapon)
Jewellery
 h - a ring of protection from cold (left hand)
 p - a +5 amulet of reflection (around neck)
 y - an uncursed ring of protection from fire {unknown}
Wands
 m - a wand of paralysis (17)
Scrolls
 k - 2 scrolls of fog
 o - 3 scrolls of blinking
 v - 2 scrolls of teleportation
 x - a scroll of amnesia
Potions
 d - a potion of brilliance {unknown}
 e - a potion of invisibility {unknown}
 f - 5 potions of curing
 i - 4 potions of heal wounds
 l - 3 potions of haste
 s - a potion of cancellation {unknown}
 u - a potion of degeneration {unknown}
Books
 b - a book of Air

   Spells                             Type                      Level
   a - Shock                          Conjuration/Air              1
   b - Swiftness                      Charms/Air                   2
   c - Static Discharge               Conjuration/Air              3
   d - Airstrike                      Air                          4
   e - Lightning Bolt                 Conjuration/Air              5
 t - a book of Frost

   Spells                             Type                      Level
   a - Freeze                         Ice                          1
   b - Throw Frost                    Conjuration/Ice              2
   c - Ozocubu's Armour               Charms/Ice                   3
   d - Throw Icicle                   Conjuration/Ice              4
   e - Summon Ice Beast               Ice/Summoning                4
 z - a book of Cantrips

   Spells                             Type                      Level
   a - Confusing Touch                Hexes                        1
   b - Animate Skeleton               Necromancy                   1
   c - Summon Small Mammal            Summoning                    1
   d - Apportation                    Translocation                1
Comestibles
 c - 4 rations


   Skills:
 + Level 2.8 Fighting
 - Level 2.1 Dodging
 - Level 2.0 Stealth
 + Level 3.4 Spellcasting
 * Level 6.0 Conjurations
 * Level 7.3 Air Magic


You had 2 spell levels left.
You knew the following spells:

 Your Spells              Type           Power        Failure   Level  Hunger
a - Shock                 Conj/Air       ####         1%          1    None
b - Swiftness             Chrm/Air       ###.....     5%          2    ##.....
c - Static Discharge      Conj/Air       ####....     3%          3    ###....
d - Airstrike             Air            ####......   9%          4    ####...


Dungeon Overview and Level Annotations

Branches:
Dungeon (5/15)
 Temple: D:4-7

Altars:
Kikubaaqudgha
Nemelex Xobeh
Ru
Wu Jian
Zin

Annotations:
D:3 empire's ghost, amateur TrFi


Innate Abilities, Weirdness & Mutations

You have a beak for a mouth.
You have claws for feet.
You can fly.


Message History

Press: ? - help, Shift-Dir - straight line, f/p - orc wizard
Aim: an orc wizard, wielding a dagger and wearing a robe (almost dead, fast)
The zap misses the orc wizard.
The orc wizard points at you and mumbles some strange words.
The magic dart hits you! The orc wizard closely misses you.
Casting: Shock
Confirm with . or Enter, or press ? or * to list all spells.
Aiming: Shock
Press: ? - help, Shift-Dir - straight line, f/p - orc wizard
Aim: an orc wizard, wielding a dagger and wearing a robe (almost dead, fast)
The zap hits the orc wizard.
You kill the orc wizard!
Your Conjurations skill increases to level 6!
The zap hits the ogre.
The ogre is moderately wounded.
The zap hits the ogre.
The ogre is heavily wounded.
The ogre hits you with a giant club!!
Ouch! That really hurt!
You die...

# #####..##.# #.## ..#
#.#.....###.#####..##.#
##...###..###.##.......###
.#.....#...###............#
............#.###.......#
.###.#####....# ##......#
#. ##..## #.....## #.#
###..#####.##.##
#.##.)O@.##...###)#
#....###......# #)#####
#..### #......###.....#
#..).##....#...#...##.#
............##..#..## #
..........##...#.....# ##
#..#.....#####..#....## .#
#..#..O.## #......#####.#
#. ....## #.###...##.>.#


You could see an ogre.

Vanquished Creatures
  A phantom (D:5)
  A scorpion (D:4)
  A hound (D:4)
  Terence (D:2)
  An iguana (D:4)
  4 orc wizards (D:5)
  3 worker ants
  A hound skeleton (D:4)
  6 adders
  3 gnolls (D:3)
  2 oozes
  An adder zombie (D:5)
  An adder skeleton (D:5)
  3 dart slugs (D:2)
  5 worms
  3 leopard geckos
  11 orcs
  A ball python (D:4)
  2 giant cockroaches
  9 hobgoblins
  6 jackals
  3 quokkas
  14 bats
  3 frilled lizards
  8 goblins
  10 kobolds
  A leopard gecko zombie (D:5)
  6 rats
111 creatures vanquished.

Notes
Turn   | Place    | Note
-------+----------+-------------------------------------------
     0 | D:1      | vatarom the Tengu Air Elementalist began the quest for the Orb.
     0 | D:1      | Reached XP level 1. HP: 10/10 MP: 4/4
   210 | D:1      | Reached XP level 2. HP: 11/16 MP: 3/6
   780 | D:1      | Found a sparkling altar of Nemelex Xobeh.
  1226 | D:2      | Reached XP level 3. HP: 20/20 MP: 1/7
  1549 | D:2      | Reached skill level 1 in Fighting
  1587 | D:2      | Learned a level 2 spell: Swiftness
  1591 | D:2      | Learned a level 3 spell: Static Discharge
  1700 | D:2      | Noticed Terence
  1775 | D:2      | Killed Terence
  1775 | D:2      | Reached skill level 5 in Air Magic
  1775 | D:2      | Reached XP level 4. HP: 9/25 MP: 1/8
  2202 | D:2      | Found an ornate altar of the Wu Jian Council.
  2423 | D:2      | Gained mutation: You can fly. [Tengu growth]
  2423 | D:2      | Reached XP level 5. HP: 18/29 MP: 4/9
  3130 | D:3      | Noticed empire's ghost (amateur TrFi)
  4344 | D:3      | Found a sparkling altar of Nemelex Xobeh.
  4344 | D:3      | Found an ancient bone altar of Kikubaaqudgha.
  4346 | D:3      | Found a sacrificial altar of Ru.
  4346 | D:3      | Found a glowing silver altar of Zin.
  4461 | D:4      | Reached skill level 6 in Air Magic
  4461 | D:4      | Reached XP level 6. HP: 33/35 MP: 4/11
  4478 | D:4      | Learned a level 4 spell: Airstrike
  5048 | D:4      | Reached skill level 5 in Conjurations
  5742 | D:5      | Entered Level 5 of the Dungeon
  6122 | D:5      | Reached XP level 7. HP: 40/40 MP: 10/12
  6258 | D:5      | Reached skill level 7 in Air Magic
  6448 | D:5      | Slain by an ogre

Skill      XL: |  1  2  3  4  5  6  7 |
---------------+----------------------+-----
Conjurations   | 2 3 4 5 6 |  6.0
Fighting       | 1 2 |  2.8
Air Magic      | 5 6 7 |  7.3
Spellcasting   | 3 |  3.4
Dodging        | |  2.1
Stealth        | |  2.0

Action                   |  1- 3 |  4- 6 |  7- 9 || total
-------------------------+-------+-------+-------++-------
Melee: Unarmed           |     6 |       |       ||     6
       Kick              |    11 |     5 |     3 ||    19
       Whip              |     3 |       |       ||     3
       Dagger            |    18 |     3 |       ||    21
       Peck              |     2 |     4 |       ||     6
       Staff             |       |    25 |    10 ||    35
 Cast: Shock             |    73 |   125 |    29 ||   227
       Static Discharge  |     2 |    19 |     3 ||    24
       Airstrike         |       |       |     2 ||     2
Evoke: Wand              |       |     3 |       ||     3
  Use: Potion            |     1 |       |       ||     1
       Scroll            |       |     9 |       ||     9
 Stab: Sleeping          |       |     2 |       ||     2
       Paralysed         |       |     3 |       ||     3
  Eat: Chunk             |     3 |     8 |       ||    11
       Ration            |       |     3 |       ||     3
Armor: Robe              |    10 |    19 |     4 ||    33
Dodge: Dodged            |    38 |    66 |     5 ||   109
Block: Other             |     1 |    19 |     6 ||    26
       Reflection        |       |     1 |       ||     1
